 Dungeon Crawl Stone Soup version 0.29-a0-732-g3d7fbe0af2 (console) character file.

Game seed: 7384708779199034727

346 jejorda2 the Chopper (level 6, -2/52 HPs)
             Began as a Palentonga Berserker on June 29, 2022.
             Was a Priest of Trog.
             Killed by divine providence
             ... invoked by an orc priest
              (15 damage)
             ... on level 4 of the Dungeon.
             The game lasted 00:06:36 (2282 turns).

jejorda2 the Chopper (Palentonga Berserker)         Turns: 2282, Time: 00:06:38

Health: -2/52      AC:  6    Str: 23    XL:     6   Next: 32%
Magic:  6/6        EV:  8    Int:  7    God:    Trog [***...]
Gold:   198        SH:  0    Dex:  9    Spells: 5/5 levels left

rFire   . . .      SeeInvis +   a - +0 war axe
rCold   . . .      Faith    .   (no shield)
rNeg    . . .      Spirit   .   k - +0 scale mail
rPois   .          Reflect  .   (no helmet)
rElec   .          Harm     .   (no cloak)
rCorr   .          Rampage  .   (no gloves)
Will    ++...                   (no barding)
Stlth   ..........              e - amulet of regeneration
HPRegen 1.97/turn               (no ring)
MPRegen 0.10/turn               (no ring)

@: strong-willed, on berserk cooldown, regenerating, slowed, very slow
A: large, rugged brown scales 3, see invisible, deformed body, roll 1, armoured
tail
a: Rolling Charge, Renounce Religion, Berserk, Trog's Hand


You were on level 4 of the Dungeon.
You worshipped Trog.
Trog was most pleased with you.
You visited 1 branch of the dungeon, and saw 4 of its levels.

You collected 198 gold pieces.

Inventory:

Hand Weapons
 a - a +0 war axe (weapon)
 b - a +0 flail
Missiles
 d - 17 stones
 g - a throwing net
 l - 3 boomerangs
 q - 5 poisoned darts
Armour
 k - a +0 scale mail (worn)
Jewellery
 e - an amulet of regeneration (around neck)
Scrolls
 c - a scroll of vulnerability {unknown}
 f - a scroll of brand weapon {unknown}
 i - a scroll of fear {unknown}
 m - 2 scrolls of identify {unknown}
 o - 2 scrolls of fog {unknown}
Potions
 h - a potion of curing {unknown}
 j - a potion of cancellation {unknown}
 n - a potion of brilliance {unknown}
 p - a potion of heal wounds {unknown}
 r - a potion of mutation {unknown}


   Skills:
 + Level 4.3 Fighting
 * Level 5.5 Axes
 + Level 3.0 Armour
 - Level 1.5 Dodging


You had 5 spell levels left.
You didn't know any spells.
Your spell library was empty.

Dungeon Overview and Level Annotations

Branches:
Dungeon (4/15)
 Temple: D:4-7

Altars:
Elyvilon
The Shining One


Innate Abilities, Weirdness & Mutations

You are completely covered in rugged brown scales. (AC +3, +7% HP)
You have supernaturally acute eyesight. (SInv)
Armour fits poorly on your strangely shaped body.
You can roll at nearby foes to attack.
You have a long armoured tail.


Message History

The orc wizard hits you with a +0 dagger.
You barely miss the orc wizard.
The orc wizard is heavily wounded.
The orc wizard casts a spell at you. The puff of flame hits you!
You closely miss the orc wizard. Your punch misses the orc wizard.
The orc wizard is heavily wounded.
The orc wizard closely misses you.
You closely miss the orc wizard.
Your tail-slap misses the orc wizard.
The orc wizard is heavily wounded.
The orc wizard hits you but does no damage.
You barely miss the orc wizard.
The orc wizard is heavily wounded.
The orc wizard hits you with a +0 dagger.
You slash the orc wizard!
You kill the orc wizard!
Trog accepts your kill.
Trog appreciates your killing of a magic user.
You are no longer berserk.
You are exhausted.
You feel yourself slow down. The orc hits you but does no damage. x2
An orc comes into view. It is wielding a +0 club.
Items here: )) [[ †.
You barely miss the orc. You closely miss the orc.
The orc hits you but does no damage. The orc hits you with a +0 short sword.
The orc barely misses you. The orc hits you but does no damage.
The orc priest calls down the wrath of Beogh upon you.
Beogh smites you!
* * * LOW HITPOINT WARNING * * *
You hit the orc.
Your tail-slap misses the orc.
The orc is heavily wounded.
You hit the orc. The orc barely misses you. x2
The orc hits you but does no damage. x2
You barely miss the orc.
The orc is heavily wounded.
You hit the orc. The orc hits you with a +0 club.
* * * LOW HITPOINT WARNING * * *
The orc priest calls down the wrath of Beogh upon you.
Beogh smites you!
You die...

#### ######..##
#######.#.#....#
#...#..........#
#.#.#.#.....#.##
#.#.#.#...###.## ###
#.#.#.##.......#
#..###.#)#.#..##....#
#......#@#.#...#.#.###
..$....oo#.......#...###
........o##......†.....##
........###.............#
...#.#...........#......#
.......................##
...#.#............†......
.........................
..##..###................


You could see an orc priest and 2 orcs.

Vanquished Creatures
  The ghost of sammy202020 the Trooper, a weakling PaFi (D:3)
  A jelly (D:4)
  An orc priest (D:4)
  2 orc wizards (D:4)
  4 gnolls (D:3)
  8 adders
  An ufetubus (D:4)
  A worm (D:4)
  2 orcs (D:4)
  9 ball pythons
  7 endoplasms
  A giant cockroach (D:3)
  9 goblins
  8 hobgoblins
  2 quokkas (D:2)
  3 bats (D:1)
  8 frilled lizards
  8 kobolds
  6 rats
82 creatures vanquished.

Notes
Turn   | Place    | Note
-------+----------+-------------------------------------------
     0 | D:1      | jejorda2 the Palentonga Berserker began the quest for the
                  | Orb.
     0 | D:1      | Reached XP level 1. HP: 19/19 MP: 1/1
   146 | D:1      | Found a faded altar of an unknown god.
   174 | D:1      | Reached XP level 2. HP: 25/25 MP: 2/2
   378 | D:1      | Reached ** piety under Trog
   611 | D:2      | Reached XP level 3. HP: 31/31 MP: 3/3
   622 | D:2      | Found a white marble altar of Elyvilon.
   719 | D:2      | Reached skill level 4 in Axes
   882 | D:2      | Reached XP level 4. HP: 37/37 MP: 4/4
  1432 | D:3      | Found a glowing golden altar of the Shining One.
  1568 | D:3      | Found a runed translucent door.
  1569 | D:3      | Noticed sammy202020's ghost (weakling PaFi)
  1688 | D:3      | Reached XP level 5. HP: 44/44 MP: 5/5
  1717 | D:3      | Reached *** piety under Trog
  2014 | D:3      | Killed sammy202020's ghost
  2015 | D:3      | Reached skill level 5 in Axes
  2268 | D:4      | Reached XP level 6. HP: 22/51 MP: 6/6
  2282 | D:4      | Killed from afar by an orc priest

Illustrated notes

Levels and vault maps discovered:
D:1:      dpeg_arrival_three_same_balls, layout_rooms,
          hellmonk_ecumenical_altar_lost_god, minmay_lizard_pond
D:2:      wad_pebble_path, layout_loops_ring, basic_altar
D:3:      layout_loops_ring, pf_just_have_faith, serial_glass, glass_columns_a,
          glass_columns_a, gammafunk_ghost_grave, lemuel_flame_loot_1
D:4:      layout_cave_pools, serial_co_window_serial, co_window_paths_a,
          co_window_paths_a, co_window_of_opportunity_a, co_window_paths_a,
          co_window_corner_a, co_window_broadway_a, co_window_2corner,
          co_window_2corner, co_window_2corner, glass_columns_a,
          grunt_ministairs_1, serial_bayou_pond_e, uniq_edmund

Skill      XL: |  1  2  3  4  5  6 |
---------------+-------------------+-----
Armour         | 2 3 |  3.0
Axes           | 4 5 |  5.5
Fighting       | 4 |  4.3
Dodging        | |  1.5

Action                   |  1- 3 |  4- 6 || total
-------------------------+-------+-------++-------
Melee: Hand axe          |    42 |       ||    42
       Tailslap          |    10 |    11 ||    21
       War axe           |    60 |   102 ||   162
       Punch             |     1 |       ||     1
Invok: Berserk           |       |     3 ||     3
       Trog's Hand       |       |     1 ||     1
 Abil: Rolling Charge    |    19 |    24 ||    43
Armor: Ring mail         |    46 |     1 ||    47
       Animal skin       |     3 |       ||     3
       Scale mail        |       |    49 ||    49
Dodge: Dodged            |    48 |    40 ||    88

Table legend: (Time is in decaauts)
 A = Elapsed time spent in this place.
 B = Non-inter-level travel time spent in this place.
 C = Inter-level travel time spent in this place.
 D = Time resting spent in this place.
 E = Time spent auto-exploring this place.
 F = Levels seen in this place.
 G = Mean time per level.
                   A        B        C        D        E       F      G
               +--------+--------+--------+--------+--------+-----+--------+
         Total |   2348 |   2242 |    106 |     59 |   1622 |   4 |  587.0 |
       Dungeon |   2348 |   2242 |    106 |     59 |   1622 |   4 |  587.0 |
               +--------+--------+--------+--------+--------+-----+--------+

Top non-repeatable levels by time:
     D:3: 848 daAuts
     D:2: 744 daAuts
     D:1: 579 daAuts
     D:4: 175 daAuts
